 Dungeon Crawl Stone Soup version 0.29-a0-823-gc37b1572da (console) character file.

Game seed: 8997592908377210186

293447 jejorda2 the Warrior (level 20, -1/282 HPs)
             Began as a White Draconian Berserker on July 8, 2022.
             Was the Champion of Trog.
             Killed from afar by an ironbound frostheart (26 damage)
             ... by creeping frost
             ... on level 3 of the Vaults.
             The game lasted 02:23:59 (39113 turns).

jejorda2 the Warrior (White Draconian Berserker)   Turns: 39113, Time: 02:24:01

Health: -1/282     AC: 17    Str: 23    XL:     20   Next: 1%
Magic:  20/20      EV: 28    Int: 11    God:    Trog [******]
Gold:   2903       SH: 20    Dex: 30    Spells: 19/19 levels left

rFire   . . .      SeeInvis +   a - +8 double sword (flame)
rCold   + . .      Faith    +   R - +2 kite shield {reflect}
rNeg    . . .      Spirit   .   (body armour unavailable)
rPois   +          Reflect  +   J - +3 crown of Dyrovepreva {rElec Int+2 SInv}
rElec   +          Harm     .   q - scarf {repulsion}
rCorr   +          Rampage  .   z - +2 pair of gloves {hurl}
Will    +++..                   Q - +0 pair of boots
Stlth   ..........              x - amulet of Antearul {Faith Regen+}
HPRegen 2.37/turn               D - ring of Anarchy {+Blink rCorr Dex+6 SInv}
MPRegen 0.17/turn               e - ring of Feutzaru {Fly rPois Str+3 Dex+6}

@: berserking (expiring), strong-willed, frozen, flying, regenerating, repel
missiles, very quick
A: breathe frost, AC +10, unfitting armour, cold resistance 1, cold-blooded
}: 2/15 runes: decaying, serpentine
a: Breathe Frost, Renounce Religion, Evoke Blink, Berserk, Trog's Hand, Brothers
in Arms


You were on level 3 of the Vaults.
You worshipped Trog.
Trog was exalted by your worship.
You visited 6 branches of the dungeon, and saw 35 of its levels.
You visited the Abyss 1 time.
You also visited: Sewer and Gauntlet.

You collected 4370 gold pieces.
You spent 1467 gold pieces at shops.

Inventory:

Hand Weapons
 a - a +8 double sword of flaming (weapon)
 b - the +6 double sword of the Pits of Slime {vorpal, rC+ Str+4 Stlth+}
   (You acquired it on level 7 of the Dungeon)

   It inflicts extra damage upon your enemies.
   Str:       It affects your strength (+4).
   rC:        It protects you from cold.
   Stlth:     It makes you more stealthy.
 Z - a +8 antimagic long sword
Missiles
 d - 213 stones
 h - 17 boomerangs (quivered)
 y - 9 silver javelins
 A - 6 javelins
 C - 17 curare-tipped darts
 H - 4 datura-tipped darts
 N - 20 poisoned darts
 P - a throwing net
Armour
 q - a scarf of repulsion (worn)
 z - a +2 pair of gloves of hurling (worn)
 J - the +3 crown of Dyrovepreva (worn) {rElec Int+2 SInv}
   (You bought it in a shop on level 2 of the Orcish Mines)

   Int:       It affects your intelligence (+2).
   rElec:     It insulates you from electricity.
   SInv:      It lets you see invisible.
 Q - a +0 pair of boots (worn)
 R - a +2 kite shield of reflection (worn)
Jewellery
 e - the ring of Feutzaru (right hand) {Fly rPois Str+3 Dex+6}
   (You found it on level 10 of the Dungeon)

   [ring of dexterity]

   Str:       It affects your strength (+3).
   Dex:       It affects your dexterity (+6).
   rPois:     It protects you from poison.
   Fly:       It grants you flight.
 t - a ring of protection from cold
 x - the amulet of Antearul (around neck) {Faith Regen+}
   (You acquired it on level 7 of the Dungeon)

   [amulet of faith]

   It allows you to gain divine favour quickly.
   Regen:     It increases your rate of health regeneration.
 D - the ring of Anarchy (left hand) {+Blink rCorr Dex+6 SInv}
   (You acquired it on level 7 of the Dungeon)

   [ring of resist corrosion]

   Dex:       It affects your dexterity (+6).
   SInv:      It lets you see invisible.
   +Blink:    It lets you blink.
   rCorr:     It protects you from acid and corrosion.
 I - the amulet "Leici" {Reflect rF+ SH+5}
   (You found it on level 7 of the Dungeon)

   [amulet of reflection]

   It reflects blocked missile attacks.
   rF:        It protects you from fire.
   SH:        It affects your SH (+5).
Wands
 o - a wand of polymorph (20)
 G - a wand of roots (29)
 L - a wand of charming (50)
 O - a wand of flame (31)
 S - a wand of acid (13)
 U - a wand of digging (8)
 V - a wand of mindburst (12)
Scrolls
 c - 9 scrolls of immolation
 f - 4 scrolls of poison
 g - 3 scrolls of summoning
 i - 20 scrolls of teleportation
 r - 3 scrolls of magic mapping
 s - 6 scrolls of fog
 F - 4 scrolls of fear
 M - 2 scrolls of blinking
 T - 2 scrolls of silence
 W - a scroll of enchant armour
Potions
 j - 3 potions of cancellation
 l - 3 potions of might
 m - 6 potions of heal wounds
 n - 6 potions of curing
 p - 3 potions of resistance
 u - 6 potions of haste
 v - 4 potions of ambrosia
 w - 7 potions of mutation
 B - 4 potions of invisibility
 K - 2 potions of attraction
Miscellaneous
 k - a condenser vane
 E - a tin of tremorstones (2/2)
 Y - a lightning rod (4/4)


   Skills:
 + Level 18.3 Fighting
 - Level 16.0 Long Blades
 - Level 16.0 Throwing
 + Level 14.6 Dodging
 - Level 6.0 Stealth
 * Level 17.7 Shields
 + Level 10.5 Evocations


You had 19 spell levels left.
You didn't know any spells.
Your spell library was empty.

Dungeon Overview and Level Annotations

Branches:
Dungeon (15/15)            Temple (0/1) D:6            Lair (6/6) D:11
  Swamp (4/4) Lair:4        Snake (4/4) Lair:4        Slime (0/5) Lair:6
    Orc (2/2) D:9             Elf (0/3) Orc:2        Vaults (4/5) D:13
  Crypt (0/3) Vaults:3     Depths (0/4) D:15          Sewer (visited)
Gauntlet (visited)

Altars:
Dithmenos
Fedhas
Gozag
Sif Muna
Uskayaw
Jiyva

Shops:
Orc:2 ::[[

Annotations:
D:14 2 transporters, Faeteph's ghost, journeyman FoHu
Lair:5 1 runed translucent door
Vaults:3 4 transporters


Innate Abilities, Weirdness & Mutations

You can breathe waves of freezing cold which knock back foes.
Your icy white scales are hard. (AC +10)
You cannot fit into any form of body armour.
Your flesh is cold resistant. (rC+)
You are cold-blooded and may be slowed by cold attacks.


Message History

The ironbound frostheart calls freezing cold from the walls.
The frost grips you!! You partially resist.
The fire giant hits you with a +0 great sword of flaming!
* * * LOW HITPOINT WARNING * * *
The fire giant burns you.
* * * LOW HITPOINT WARNING * * *
The ironbound convoker casts a spell at the vault warden.
The vault warden seems to grow stronger.
The vault warden activates a sealing rune.
A door slams shut!
The centaur warrior hits you but does no damage.
The centaur warrior completely misses you.
Unknown command.
Unknown command.
You barely miss the fire giant. You tail-slap the fire giant!
The fire giant is severely wounded.
The war gargoyle hits you with a +0 flail!!
* * * LOW HITPOINT WARNING * * *
You block the centaur warrior's attack. The centaur warrior closely misses you.
Unknown command.
You slice the fire giant!! You burn the fire giant.
You kill the fire giant!
Trog accepts your kill.
Trog appreciates your killing of a magic user.
Something unseen breaks down the door.
The ironbound convoker gestures at the ironbound preserver while chanting.
The ironbound preserver seems to grow stronger.
You block the war gargoyle's attack.
You completely miss the ironbound convoker.
You block the centaur warrior's attack.
The centaur warrior kicks you but does no damage.
You block the war gargoyle's attack.
The ironbound frostheart calls freezing cold from the walls.
The frost grips you!! You partially resist.
* * * LOW HITPOINT WARNING * * *
The ironbound convoker casts a spell at the ironbound frostheart.
The ironbound frostheart seems to grow stronger.
The ironbound frostheart calls freezing cold from the walls.
The frost grips you!! You partially resist.
You die...

# #..##...#####..###..#
# #.##....p......#⌠##.#
# #.#..pp.©.©....#.$#.#
# #.#.ppp........p$=#.#
###.#Oppp#...#..p#[p#.#
..#.##99##...##pp####.#
#.#..#©p.p#.#.COp#..8.#
..'.©#.9...#.pp9p#©...#
..#..#c...#.#..)@#..8.#
..#.##..##...##c.####.#
..#.#....#...#...#?(#.#
..#.#............+?c#.#
..#.#.....©.©....#$)#.#
..#.##...........#⌠##.#
#.#..##...#####..###..#
..##..#####...####...##
#####..............###


You could see 3 ironbound preservers, a titan, a vault warden (strong), 2
ironbound frosthearts, a centaur warrior, an ogre mage, a war gargoyle (strong)
and 2 ironbound convokers.

Vanquished Creatures
  Frances (D:13)
  Agnes (D:15)
  A sphinx (Vaults:4)
  Gastronok (Lair:3)
  A shadow dragon (Vaults:3)
  An azure jelly (Swamp:4)
  6 nagarajas
  A fenstrider witch (Swamp:3)
  Aizul (Snake:1)
  A frost giant (Vaults:3)
  A fire giant (Vaults:3)
  6 vault wardens
  An orc warlord (Orc:1)
  2 stone giants
  3 ghouls (Swamp:3)
  11 ironbound preservers
  4 very ugly things (Vaults:2)
  7 ironbound thunderhulks
  An entropy weaver (Vaults:3)
  2 eleionomae
  Azrael (D:13)
  5 bunyips
  10 dire elephants
  A minotaur (Gauntlet)
  A crystal guardian (Vaults:3)
  A deep elf death mage (Vaults:3)
  A fire dragon (Lair:4)
  2 ettins
  Snorg (Orc:1)
  10 yaktaur captains
  A shambling mangrove (Swamp:3)
  6 great orbs of eyes
  11 hydras
  3 boulder beetles
  8 ironbound frosthearts
  A peacekeeper (Vaults:3)
  4 catoblepae
  8 anacondas
  7 vault guards
  5 salamander tyrants (Snake:4)
  3 ice dragons (Swamp:4)
  4 alligators
  4 two-headed ogres
  5 centaur warriors
  2 ghost crabs
  5 death yaks (Lair:1)
  12 naga warriors
  2 tengu warriors (D:13)
  An orc high priest (Orc:2)
  3 shock serpents
  A vampire mage (Vaults:3)
  7 naga sharpshooters (Snake:4)
  7 goliath frogs
  6 salamander mystics
  A death drake (Swamp:3)
  A goliath frog (shapeshifter) (Vaults:1)
  5 spriggan druids
  A glowing orange brain (Vaults:2)
  7 skeletal warriors
  38 deep trolls
  7 lindwurms
  4 wizards
  4 bog bodies
  5 naga ritualists
  5 swamp dragons
  2 necromancers
  11 orc knights
  6 mana vipers
  10 harpies
  12 ironbound convokers
  3 cyclopes
  A harpy (shapeshifter) (D:14)
  A deep elf pyromancer (D:12)
  4 oklob plants
  17 salamanders
  5 orc sorcerers
  17 ugly things
  A wolf spider (shapeshifter) (Vaults:3)
  2 manticores (D:15)
  5 will-o-the-wisps
  29 elephants
  14 vault sentinels
  2 guardian serpents
  An eye of devastation (Gauntlet)
  10 naga magi
  31 black mambas
  A torpor snail (Lair:5)
  4 kobold demonologists
  An unseen horror (shapeshifter) (D:15)
  A gargoyle (D:13)
  2 unseen horrors
  3 efreet
  21 cane toads
  8 komodo dragons
  7 rime drakes
  4 freezing wraiths (Swamp:4)
  15 yaktaurs
  A yaktaur (shapeshifter) (D:15)
  15 tyrant leeches
  10 trolls
  9 hornets
  2 polar bears
  8 saltlings (Orc:2)
  31 blink frogs
  8 dream sheep
  56 slime creatures
  The ghost of gobodom the Magician, an amateur DjFE (D:4)
  A centaur simulacrum (D:15)
  9 spriggans
  2 vampires (D:13)
  3 fire elementals (D:13)
  3 wyverns
  3 wraiths (Vaults:3)
  4 shadows
  9 steam dragons
  3 basilisks
  55 yaks
  A golden eye (Gauntlet)
  Grum (D:11)
  3 swamp worm simulacra (Swamp:4)
  30 nagas
  6 acid dragons
  11 wargs
  17 vampire mosquitoes
  15 hydra simulacra (Swamp:4)
  20 swamp worms
  14 water moccasins
  3 hell hounds
  3 black bears
  5 ice beasts
  31 orc warriors
  A sky beast (D:7)
  8 ogres
  10 wolves
  15 centaurs
  4 kobold brigands
  16 bullfrogs
  7 scorpions
  A cyclops zombie (Orc:1)
  2 necrophages
  8 wights
  A wyvern skeleton (D:4)
  12 killer bees
  An electric eel (Lair:4)
  4 howler monkeys (D:10)
  2 lava snakes (D:15)
  A bullfrog zombie (D:4)
  2 hounds
  12 jellies
  12 orc priests
  A centaur skeleton (D:4)
  Crazy Yiuf (D:4)
  3 iguanas
  4 hell rats (Lair:5)
  17 orc wizards
  Terence (D:2)
  2 orc zombies (Orc:1)
  4 river rats (Sewer)
  16 adders
  A shadow imp (D:5)
  3 white imps
  5 swamp drake simulacra (Swamp:4)
  2 worms
  3 dart slugs
  85 orcs
  5 bats
  22 endoplasms
  5 giant cockroaches
  9 goblins
  6 hobgoblins
  5 jackals
  19 kobolds
  8 quokkas
  18 ball pythons
  7 frilled lizards
  8 rats
1303 creatures vanquished.

Vanquished Creatures (collateral kills)
  Saint Roka (Snake:3)
  2 vault wardens
  An ironbound preserver (Vaults:4)
  A yaktaur captain (Vaults:1)
  A vault guard (Vaults:4)
  An ironbound frostheart (Vaults:4)
  2 naga warriors (Snake:4)
  A salamander tyrant (Snake:4)
  The ghost of zeratav the Marksspriggan, a journeyman SpAM of Dithmenos (D:10)
  A wizard (Vaults:4)
  An ugly thing (Vaults:4)
  A guardian serpent (Snake:4)
  A rime drake (Lair:4)
  3 steam dragons (Lair:4)
  A naga (Snake:4)
  A warg (Snake:3)
  4 orc warriors
  An orc priest (D:10)
  6 orcs
31 creatures vanquished.

Vanquished Creatures (others)
  A goliath frog (Swamp:4)
  An ironbound convoker (Vaults:3)
  3 bloated husks
  A swamp worm (Swamp:1)
  A bullfrog (Lair:4)
  2 orcs (Snake:3)
  A kobold (D:9)
  4 demonic plants (Gauntlet)
  16 foxfires
  25 fungi
  3 pillars of salt (Orc:2)
  156 plants
214 creatures vanquished.

Grand Total: 1548 creatures vanquished

Notes
Turn   | Place    | Note
-------+----------+-------------------------------------------
     0 | D:1      | jejorda2 the Draconian Berserker began the quest for the
                  | Orb.
     0 | D:1      | Reached XP level 1. HP: 19/19 MP: 1/1
   184 | D:1      | Reached XP level 2. HP: 21/26 MP: 2/2
   853 | D:1      | Reached XP level 3. HP: 33/33 MP: 3/3
   935 | D:1      | Found a faded altar of an unknown god.
  1047 | D:1      | Reached ** piety under Trog
  1439 | D:2      | Found a shadowy altar of Dithmenos.
  1657 | D:2      | Identified the +2 leather armour of Parlour Games {rC+}
  1742 | D:2      | Noticed Terence
  1749 | D:2      | Killed Terence
  1750 | D:2      | Reached skill level 4 in Fighting
  1750 | D:2      | Reached skill level 1 in Shields
  1750 | D:2      | Reached XP level 4. HP: 40/40 MP: 4/4
  2349 | D:3      | Reached XP level 5. HP: 46/46 MP: 5/5
  2354 | D:3      | Noticed a black bear
  2363 | D:3      | Killed a black bear
  2364 | D:3      | Reached skill level 5 in Long Blades
  3106 | D:4      | Reached XP level 6. HP: 53/53 MP: 6/6
  3701 | D:4      | Reached skill level 5 in Fighting
  4276 | D:4      | Your scales start taking on an icy white colour.
  4276 | D:4      | Reached XP level 7. HP: 61/61 MP: 7/7
  4276 | D:4      | Gained mutation: Your flesh is cold resistant. (rC+) [White
                  | Draconian growth]
  4415 | D:4      | Found a runed translucent gate.
  4418 | D:4      | Found a runed translucent gate.
  4419 | D:4      | Found a runed translucent gate.
  4426 | D:4      | Noticed gobodom's ghost (amateur DjFE)
  4527 | D:4      | Found a runed translucent door.
  4528 | D:4      | Noticed Crazy Yiuf
  4537 | D:4      | Killed Crazy Yiuf
  4805 | D:4      | Reached *** piety under Trog
  5033 | D:5      | Entered Level 5 of the Dungeon
  5081 | D:5      | Found a shimmering blue altar of Sif Muna.
  5643 | D:5      | Reached skill level 6 in Fighting
  5763 | D:5      | Reached XP level 8. HP: 70/70 MP: 8/8
  6328 | D:5      | Reached skill level 5 in Shields
  7048 | D:6      | Found a staircase to the Ecumenical Temple.
  7180 | D:6      | Reached XP level 9. HP: 12/73 MP: 9/9
  7203 | D:6      | Found a glowing drain.
  7218 | Sewer    | Entered a sewer
  8329 | D:6      | Reached skill level 10 in Long Blades
  8705 | D:7      | Identified 3 scrolls of acquirement
  8705 | D:7      | Acquired the ring of Anarchy {+Blink rCorr Dex+6 SInv}
  8707 | D:7      | Acquired the +6 double sword of the Pits of Slime {vorpal,
                  | rC+ Str+4 Stlth+}
  8711 | D:7      | Acquired the amulet of Antearul {Faith Regen+}
  8969 | D:7      | Identified the amulet "Leici" {Reflect rF+ SH+5}
  9074 | D:7      | Identified the +1 ring mail of Eternal Night {rElec rPois}
  9114 | D:7      | Reached skill level 1 in Evocations
  9121 | D:7      | Reached skill level 7 in Fighting
  9122 | D:7      | Reached **** piety under Trog
  9299 | D:7      | Reached skill level 8 in Fighting
  9346 | D:7      | Reached XP level 10. HP: 90/90 MP: 10/10
 10069 | D:8      | Reached skill level 9 in Fighting
 10302 | D:9      | Reached ***** piety under Trog
 10434 | D:9      | Reached skill level 10 in Fighting
 10445 | D:9      | Reached skill level 5 in Evocations
 10574 | D:9      | Noticed a two-headed ogre
 10588 | D:9      | Killed a two-headed ogre
 10790 | D:8      | Reached skill level 11 in Fighting
 10790 | D:8      | Reached XP level 11. HP: 49/102 MP: 11/11
 11076 | D:9      | Found a staircase to the Orcish Mines.
 11302 | D:10     | Entered Level 10 of the Dungeon
 11563 | D:10     | Found a runed translucent gate.
 11563 | D:10     | Found a runed translucent gate.
 11563 | D:10     | Noticed zeratav's ghost (journeyman SpAM)
 11565 | D:10     | Found a runed translucent gate.
 11964 | D:10     | Killed zeratav's ghost
 11964 | D:10     | Received a gift from Trog
 11965 | D:10     | Reached skill level 12 in Fighting
 12019 | D:10     | Identified the ring of Feutzaru {Fly rPois Str+3 Dex+6}
 12074 | D:11     | Noticed a skeletal warrior
 12074 | D:11     | Noticed a skeletal warrior
 12076 | D:11     | Noticed a skeletal warrior
 12094 | D:11     | Killed a skeletal warrior
 12099 | D:11     | Killed a skeletal warrior
 12136 | D:11     | Noticed a green ugly thing
 12144 | D:11     | Killed a green ugly thing
 12183 | D:11     | Noticed a two-headed ogre
 12195 | D:11     | Killed a two-headed ogre
 12317 | D:11     | Noticed Grum
 12378 | D:11     | Killed Grum
 12686 | D:11     | Killed a skeletal warrior
 12687 | D:11     | Reached XP level 12. HP: 87/112 MP: 12/12
 12778 | D:11     | Found a staircase to the Lair.
 12875 | D:12     | Reached skill level 15 in Long Blades
 13025 | D:12     | Noticed a five-headed hydra
 13037 | D:12     | Killed a one-headed hydra
 13520 | Lair:1   | Entered Level 1 of the Lair of Beasts
 13753 | Lair:1   | Found a hide-covered altar of Uskayaw.
 13793 | Lair:1   | Noticed a boulder beetle
 13806 | Lair:1   | Killed a boulder beetle
 13806 | Lair:1   | Received a gift from Trog
 13936 | Lair:1   | Noticed a death yak
 13937 | Lair:1   | Noticed a death yak
 13937 | Lair:1   | Noticed a death yak
 13938 | Lair:1   | Noticed a death yak
 13938 | Lair:1   | You are sucked into a shaft and drop 1 floor!
 14003 | Lair:2   | Noticed a catoblepas
 14016 | Lair:1   | Noticed a death yak
 14033 | Lair:1   | Killed a death yak
 14037 | Lair:1   | Killed a death yak
 14041 | Lair:1   | Killed a death yak
 14048 | Lair:1   | Killed a death yak
 14055 | Lair:1   | Killed a death yak
 14056 | Lair:1   | Reached skill level 5 in Dodging
 14548 | Lair:2   | Killed a catoblepas
 14611 | Lair:2   | Reached XP level 13. HP: 118/118 MP: 13/13
 14789 | Lair:2   | Reached skill level 10 in Shields
 15737 | Lair:3   | Reached skill level 13 in Fighting
 15847 | Lair:3   | Noticed Gastronok
 15856 | Lair:3   | Killed Gastronok
 16609 | Lair:4   | Found a staircase to the Snake Pit.
 16778 | Lair:4   | Received a gift from Trog
 16779 | Lair:4   | Reached skill level 14 in Fighting
 16826 | Lair:4   | Noticed a fire dragon
 16837 | Lair:4   | Killed a fire dragon
 17287 | Lair:4   | Reached XP level 14. HP: 119/133 MP: 14/14
 17295 | Lair:4   | Found a staircase to the Swamp.
 17525 | Lair:5   | Found a gate leading to a gauntlet.
 17569 | Gauntlet | Entered a Gauntlet
 17569 | Gauntlet | Found a transporter.
 17579 | Gauntlet | Found a transporter.
 17594 | Gauntlet | Found a transporter.
 17599 | Gauntlet | Found a transporter.
 17614 | Gauntlet | Found a transporter.
 17633 | Gauntlet | Found a transporter.
 17645 | Gauntlet | Found a transporter.
 17657 | Gauntlet | Found a transporter.
 17669 | Gauntlet | Found a transporter.
 17671 | Gauntlet | Noticed a broodmother
 17671 | Gauntlet | a boulder beetle changed into a broodmother
 17673 | Gauntlet | a broodmother changed into a great orb of eyes
 17681 | Gauntlet | Found a transporter.
 17698 | Gauntlet | Found a transporter.
 17716 | Gauntlet | Found a transporter.
 17718 | Gauntlet | Found a transporter.
 17745 | Gauntlet | Found a transporter.
 17763 | Gauntlet | Found a transporter.
 17765 | Gauntlet | Found a transporter.
 17843 | Gauntlet | Found a transporter.
 17863 | Gauntlet | Found a transporter.
 17982 | Gauntlet | Noticed a quicksilver ooze
 17986 | Gauntlet | a quicksilver ooze changed into an entropy weaver
 18164 | Gauntlet | Reached skill level 15 in Fighting
 18288 | Gauntlet | Identified the +2 chain mail "Qustreh" {rElec Will+ Regen+
                  | Str+2}
 18288 | Gauntlet | Identified the amulet "Zanussaz" {Acrobat +Blink rPois rC++
                  | Slay-4}
 18389 | Lair:5   | Found a blossoming altar of Fedhas.
 18610 | Lair:5   | Found a runed translucent door.
 18942 | Lair:5   | Found an opulent altar of Gozag.
 19149 | Lair:5   | fire past door
 19170 | Lair:6   | Entered Level 6 of the Lair of Beasts
 19533 | Lair:6   | Identified the +3 falchion of the Demagogue {flame, rPois}
                  | (Trog gifted it to you on level 6 of the Lair of Beasts)
 19533 | Lair:6   | Received a gift from Trog
 19539 | Lair:6   | Identified the +12 plate armour "Kabroen" {rCorr}
 19638 | Lair:6   | Reached ****** piety under Trog
 19639 | Lair:6   | Reached skill level 1 in Stealth
 19972 | Lair:6   | Found a viscous altar of Jiyva.
 19974 | Lair:6   | Found a staircase to the Slime Pits.
 19983 | Lair:6   | Reached skill level 15 in Shields
 20009 | Lair:6   | Reached XP level 15. HP: 132/141 MP: 15/15
 20111 | Lair:6   | Reached skill level 1 in Throwing
 20686 | D:13     | Noticed Frances
 20696 | D:13     | Killed Frances
 20703 | D:13     | Noticed Azrael
 20770 | D:13     | Killed Azrael
 21188 | D:13     | Reached skill level 5 in Stealth
 21338 | D:13     | Found a gate to the Vaults.
 21460 | D:13     | Reached skill level 10 in Dodging
 21490 | D:13     | Received a gift from Trog
 21894 | D:14     | Identified the +6 sling "Uherhapn" {freeze, rF++ Stlth-}
 21902 | D:14     | Found a transporter.
 21902 | D:14     | Noticed Faeteph's ghost (journeyman FoHu)
 21905 | D:14     | Noticed a frost giant
 21906 | D:14     | Found a transporter.
 21906 | D:14     | Identified the +10 great mace of the Wheel {flame, rPois}
 21906 | D:14     | Noticed a fire giant
 22070 | D:14     | Reached skill level 5 in Throwing
 22505 | D:4      | Killed gobodom's ghost
 22705 | D:15     | Entered Level 15 of the Dungeon
 22721 | D:15     | Noticed Agnes
 22729 | D:15     | Killed Agnes
 22904 | D:15     | Found a staircase to the Depths.
 23007 | D:15     | Received a gift from Trog
 23574 | Orc:1    | Entered Level 1 of the Orcish Mines
 23714 | Orc:1    | Noticed Snorg
 23729 | Orc:1    | Killed Snorg
 23967 | Orc:2    | Entered Level 2 of the Orcish Mines
 24060 | Orc:1    | Paralysed by an orc sorcerer for 2 turns
 24064 | Orc:1    | Noticed an orc warlord
 24067 | Orc:1    | Reached XP level 16. HP: 149/149 MP: 16/16
 24157 | Orc:1    | Received a gift from Trog
 24724 | Orc:2    | Found Quhu's Antique Armour Emporium.
 24857 | Orc:2    | Found Miafad's Antique Armour Boutique.
 24898 | Orc:2    | Found Foreulis's Book Boutique.
 24923 | Orc:2    | Found Fyosos's Book Shop.
 25135 | Orc:2    | Found a staircase to the Elven Halls.
 25271 | Orc:2    | Bought an embroidered cloak for 225 gold pieces
 25271 | Orc:2    | Bought the +3 crown of Dyrovepreva {rElec Int+2 SInv} for
                  | 1242 gold pieces
 25271 | Orc:2    | Found the +3 crown of Dyrovepreva {rElec Int+2 SInv}
 25590 | Orc:1    | Received a gift from Trog
 25893 | Swamp:1  | Entered Level 1 of the Swamp
 26976 | Swamp:2  | Reached skill level 10 in Throwing
 27648 | Swamp:3  | Received a gift from Trog
 27847 | Swamp:3  | Found a hide-covered altar of Uskayaw.
 28262 | Snake:1  | Entered Level 1 of the Snake Pit
 28516 | Snake:1  | Reached XP level 17. HP: 80/156 MP: 17/17
 28671 | Snake:1  | Noticed Aizul
 28698 | Snake:1  | Killed Aizul
 29688 | Snake:2  | Found an opulent altar of Gozag.
 30015 | Snake:2  | Received a gift from Trog
 30138 | Snake:2  | Reached skill level 10 in Evocations
 30965 | Snake:3  | Noticed Saint Roka
 30983 | Snake:3  | Killed Saint Roka
 31308 | Snake:4  | Entered Level 4 of the Snake Pit
 31701 | Snake:4  | Received a gift from Trog
 31760 | Snake:4  | Identified the +10 mace of Internal Strife {protect, Str+5}
 32084 | Snake:4  | Reached skill level 16 in Fighting
 32629 | Snake:4  | Identified the +8 falchion of Ejafecri {vorpal, rN+ Str+4}
                  | (Trog gifted it to you on level 4 of the Snake Pit)
 32629 | Snake:4  | Received a gift from Trog
 32832 | Snake:4  | Reached XP level 18. HP: 76/166 MP: 18/18
 33141 | Snake:4  | Got a serpentine rune of Zot
 33335 | Swamp:4  | Entered Level 4 of the Swamp
 33479 | Swamp:4  | Received a gift from Trog
 34222 | Swamp:4  | Got a decaying rune of Zot
 34499 | Vaults:1 | Entered Level 1 of the Vaults
 34696 | Vaults:1 | Received a gift from Trog
 34900 | Vaults:1 | Reached skill level 17 in Fighting
 35159 | Vaults:1 | Received a gift from Trog
 35161 | Abyss:2  | Found a corrupted altar of Lugonu.
 35161 | Abyss:2  | Cast into level 2 of the Abyss (a wizard)
 35185 | Vaults:1 | Escaped the Abyss
 35197 | Vaults:1 | Reached skill level 15 in Throwing
 36281 | Vaults:2 | Reached XP level 19. HP: 159/177 MP: 19/19
 36865 | Vaults:2 | Received a gift from Trog
 37559 | Vaults:3 | Found a transporter.
 37562 | Vaults:3 | Found a staircase to the Crypt.
 37600 | Vaults:3 | Found a transporter.
 37616 | Vaults:3 | Found a transporter.
 37630 | Vaults:3 | Found a transporter.
 37646 | Vaults:3 | Found a transporter.
 37947 | Vaults:3 | Received a gift from Trog
 38198 | Vaults:3 | Reached skill level 18 in Fighting
 38437 | Vaults:3 | You are sucked into a shaft and drop 1 floor!
 38695 | Vaults:4 | Received a gift from Trog
 38738 | Vaults:4 | Paralysed by a sphinx for 2 turns
 39109 | Vaults:3 | Reached XP level 20. HP: 131/188 MP: 20/20
 39113 | Vaults:3 | Killed from afar by an ironbound frostheart

Illustrated notes

#...##...P.#....###...##....P#.#.
##..P##..........##...#.#...##...
......#...#.....##...###.........
#..÷.##..#..........####.........
#....##P...#....##..#P.#.....##.P
##.÷###P..#............."...####.
##.....P..#..................#...
#..÷.............................
##..............@................
#P.............#+##############..
#..............#.#,,,,,,,,,,,,#..
#.....#.###.##.#.#,**********,#..
##.......#####.#.#,*,,,,,,,,*,#..
#P....##.##.#..#.#,*,******,*,#..
##...###...#.#.#.#,*,,,,,,*,*,#..
#....#.....##.#t#,********,*,#..
##....#....##..#,*,,,,,,,,,,*,#..


Turn 19149 on Lair:5: fire past door

Levels and vault maps discovered:
D:1:      scummos_arrival_forest, layout_loops_cross,
          hellmonk_ecumenical_altar_crossroads
D:2:      layout_basic, basic_altar, uniq_terence
D:3:      layout_basic
D:4:      minmay_door_path, layout_basic, gammafunk_ghost_necromancy,
          guppyfry_early_lair_pool, uniq_crazy_yiuf_cottage
D:5:      layout_basic, overflow_temple_1_default
D:6:      layout_basic, minmay_temple_entry_mist, cheibrodos_sewer_entry_bend,
          minmay_manual_mess
D:7:      lemuel_slime, layout_gridville, grunt_potential
D:8:      layout_rooms, lemuel_flamethrower_1
D:9:      layout_cave_pools, david_orc_1_choice
D:10:     layout_roguey, biasface_ghost_orc_armoury
D:11:     layout_rooms, david_lair_shrubbed, grunt_decor_one_mirror,
          minivault_24, minmay_misc_feat_five, minmay_holes, uniq_grum
D:12:     layout_cave_pools
D:13:     layout_basic, lightli_vaults_fourway_checkpoint, uniq_frances,
          uniq_azrael
D:14:     layout_cave_pools, gammafunk_ghost_smash, kennysheep_small_spiral
D:15:     hangedman_depths_entry_try_elsewhere_first, layout_irregular_city,
          kennysheep_doodads, uniq_agnes
Lair:1:   layout_gridlike, basic_altar, nzn_sisyphean_effort,
          grunt_megastairs_1, serial_bayou_shore_b
Lair:2:   layout_cave_pods, serial_bayou_shore_b
Lair:3:   layout_cave_pods, nicolae_lair_grazing_beasts
          [nicolae_sub_lair_graze_edge, nicolae_sub_lair_graze_edge,
          nicolae_sub_lair_graze_edge, nicolae_sub_lair_graze_edge],
          uniq_gastronok
Lair:4:   layout_roguey, nicolae_swamp_entry_splash_gauntlet,
          minmay_snake_entry_spellcaster, bobbens_dragon_lair_wall
Lair:5:   gammafunk_mikee_crab_dinner, layout_regular_city,
          gauntlet_entry_generic, hangedman_tree_tricks, lemuel_centaur_altar
Lair:6:   minmay_lair_end_frog_pond, layout_cave_pods,
          minmay_slime_entry_pillars
Swamp:1:  layout_basic_swamp, nicolae_swamp_fairy_circle, swamp_pool3
Swamp:2:  layout_falls_marsh, evilmike_swamp_ruin_house_1, swamp_pool3,
          nicolae_swamp_oklob_treasure_island, infiniplex_staircase_pool
Swamp:3:  nicolae_swamp_long_stream, layout_basic_swamp, basic_altar
Swamp:4:  swamp_icy, layout_basic_swamp
Snake:1:  layout_layer_cave, nicolae_snake_gridmaze_tees, uniq_aizul
Snake:2:  layout_onion, basic_altar
Snake:3:  layout_grid_maze, uniq_saint_roka
Snake:4:  minmay_snake_end_coiled, layout_cave_town,
          nicolae_snake_slithery_corners, nicolae_snake_snakes_in_the_grass
Orc:1:    dreamdust_under_siege, layout_diamond_mine, uniq_snorg
Orc:2:    hellmonk_orc_salted, layout_diamond_mine
Vaults:1: grunt_vaults_swirl, nicolae_vaults_angled_halls, st_eye, v_misc_13,
          vaults_room_stairs_pillars, nicolae_vaults_rhombus_6,
          grunt_vaults_hallway_long, hangedman_vaults_pinch,
          hangedman_vaults_cutoff, vaults_room_door_ring,
          nicolae_vaults_angled_halls, vaults_room_fancy_cross,
          vaults_room_door_hall, vaults_room_semicircle, layout_vaults_omnicross
Vaults:2: v_rooms_1, ontoclasm_vaults_misaligned, ontoclasm_vaults_misaligned,
          layout_vaults_omnigrid
Vaults:3: nicolae_vaults_network_square, hangedman_vaults_restitches,
          nicolae_vaults_big_angled_halls, minmay_crypt_entry_simple_statues,
          v_misc_14, nicolae_vaults_specimen_jars, gammafunk_the_bubble
          [the_bubble_gammafunk_roulette], vaults_room_door_hall,
          nicolae_vaults_hallways_thing, v_misc_31, ontoclasm_vaults_fault,
          ontoclasm_vaults_twist, layout_vaults_maze_bifur
Vaults:4: vaults_dpeg_diagonal, nicolae_vaults_triangles,
          nicolae_vaults_three_branches, v_misc_4, grunt_tower_of_power,
          vaults_mumra_hex, serial_ice_g, vaults_dpeg_cross, vaults_room_pool,
          grunt_vaults_hallway_short, layout_vaults_chaotic_city

Skill      XL: |  1  2  3  4  5  6  7  8  9 10 11 12 13 14 15 16 17 18 19 |
---------------+----------------------------------------------------------+-----
Dodging        | 3 5 7 9 11 12 13 14 | 14.6
Long Blades    | 4 5 6 7 9 11 13 14 16 | 16.0
Fighting       | 4 5 6 8 11 12 14 15 16 17 18 | 18.3
Shields        | 1 2 4 5 6 7 9 12 15 16 17 | 17.7
Evocations     | 3 5 7 8 9 10 | 10.5
Stealth        | 2 6 |  6.0
Throwing       | 6 11 13 15 16 | 16.0

Action                   |  1- 3 |  4- 6 |  7- 9 | 10-12 | 13-15 | 16-18 | 19-21 || total
-------------------------+-------+-------+-------+-------+-------+-------+-------++-------
Melee: Falchion          |   130 |   237 |   252 |       |       |       |       ||   619
       Tailslap          |    16 |    32 |    68 |    76 |   206 |   268 |   127 ||   793
       Punch             |     2 |       |       |       |       |       |       ||     2
       Scimitar          |       |       |   151 |       |       |       |       ||   151
       Double sword      |       |       |    70 |   429 |  1036 |  1330 |   515 ||  3380
       Demon blade       |       |       |       |     8 |       |       |       ||     8
Throw: Stone             |       |       |     4 |     7 |    29 |    18 |       ||    58
       Dart              |       |       |       |     1 |       |       |       ||     1
       Boomerang         |       |       |       |       |       |    57 |     1 ||    58
       Javelin           |       |       |       |       |       |     8 |       ||     8
Invok: Berserk           |     3 |     7 |    10 |     7 |    16 |    12 |     4 ||    59
       Trog's Hand       |       |     1 |     4 |     1 |     7 |     8 |     4 ||    25
       Brothers in Arms  |       |       |       |     2 |     1 |     3 |     2 ||     8
 Abil: Breathe Frost     |       |       |    11 |     9 |     8 |     2 |       ||    30
       Evoke Blink       |       |       |       |       |       |     2 |       ||     2
Evoke: Condenser vane    |       |       |       |       |       |     2 |       ||     2
       Tin of tremorston |       |       |       |       |       |     2 |       ||     2
       Wand              |       |       |       |       |       |     1 |       ||     1
  Use: Scroll            |       |       |    12 |    19 |     6 |     2 |       ||    39
       Potion            |       |       |       |       |     1 |     2 |     1 ||     4
 Stab: Sleeping          |       |     1 |     1 |     5 |    10 |    20 |    10 ||    47
       Distracted        |       |       |     1 |       |     6 |     9 |     1 ||    17
Armor: Skin              |    43 |    64 |   113 |    92 |   204 |   146 |    52 ||   714
Dodge: Dodged            |    79 |   145 |   212 |   202 |   523 |   695 |   263 ||  2119
       Repelled          |       |       |     2 |     2 |    10 |    32 |     3 ||    49
Block: Buckler           |     5 |    41 |    95 |    75 |       |       |       ||   216
       Kite shield       |       |       |       |   129 |   870 |  1069 |   388 ||  2456
       Reflection        |       |       |       |       |    36 |    55 |    19 ||   110

Table legend: (Time is in decaauts)
 A = Elapsed time spent in this place.
 B = Non-inter-level travel time spent in this place.
 C = Inter-level travel time spent in this place.
 D = Time resting spent in this place.
 E = Time spent auto-exploring this place.
 F = Levels seen in this place.
 G = Mean time per level.
                   A        B        C        D        E       F      G
               +--------+--------+--------+--------+--------+-----+--------+
         Total |  39222 |  36329 |   2893 |   4562 |  22442 |  38 | 1032.2 |
       Dungeon |  16180 |  14695 |   1485 |   2064 |   9017 |  15 | 1078.7 |
          Lair |   6597 |   6072 |    525 |    426 |   4284 |   6 | 1099.5 |
         Swamp |   3281 |   3075 |    206 |    505 |   1678 |   4 |  820.2 |
     Snake Pit |   4767 |   4552 |    215 |    697 |   2683 |   4 | 1191.8 |
  Orcish Mines |   1952 |   1679 |    273 |    359 |    850 |   2 |  976.0 |
        Vaults |   4455 |   4268 |    187 |    415 |   2733 |   4 | 1113.8 |
         Abyss |     23 |     23 |      0 |      0 |      0 |   1 |   23.0 |
         Sewer |   1176 |   1176 |      0 |     49 |    787 |   1 | 1176.0 |
      Gauntlet |    788 |    788 |      0 |     44 |    409 |   1 |  788.0 |
               +--------+--------+--------+--------+--------+-----+--------+

Top non-repeatable levels by time:
     D:4: 2536 daAuts
 Snake:4: 1876 daAuts
Vaults:1: 1606 daAuts
     D:1: 1434 daAuts
Vaults:3: 1323 daAuts
 Snake:1: 1281 daAuts
  Lair:4: 1269 daAuts
     D:5: 1251 daAuts
  Lair:6: 1233 daAuts
   Orc:2: 1221 daAuts
  Lair:2: 1205 daAuts
     D:3: 1182 daAuts
   Sewer: 1176 daAuts
     D:7: 1148 daAuts
 Swamp:2: 1090 daAuts
